 Dungeon Crawl Stone Soup version 0.29-a0-338-g1ff7896281 (webtiles) character file.

Game seed: 12953889760207022701

110 Dauddaud the Chopper (level 4, -2/39 HPs)
             Began as a Minotaur Berserker on Apr 19, 2022.
             Was a Believer of Trog.
             Killed by divine providence
             ... invoked by an orc priest
              (17 damage)
             ... on level 3 of the Dungeon.
             The game lasted 00:04:14 (1872 turns).

Dauddaud the Chopper (Minotaur Berserker)           Turns: 1872, Time: 00:04:16

Health: -2/39      AC:  8    Str: 23    XL:     4   Next: 61%
Magic:  3/3        EV:  8    Int:  4    God:    Trog [**....]
Gold:   100        SH:  0    Dex: 10    Spells: 3/3 levels left

rFire   . . .      SeeInvis .   a - +0 hand axe
rCold   . . .      Faith    .   (no shield)
rNeg    . . .      Spirit   .   g - +0 chain mail
rPois   .          Reflect  .   (helmet restricted)
rElec   .          Harm     .   (no cloak)
rCorr   .          Rampage  .   (no gloves)
Will    .....                   (no boots)
Stlth   ..........              (no amulet)
HPRegen 0.13/turn               (no ring)
MPRegen 0.08/turn               (no ring)

@: no status effects
A: horns 2, retaliatory headbutt
a: Renounce Religion, Berserk, Trog's Hand


You were on level 3 of the Dungeon.
You worshipped Trog.
Trog was pleased with you.
You visited 1 branch of the dungeon, and saw 3 of its levels.

You collected 100 gold pieces.

Inventory:

Hand Weapons
 a - a +0 hand axe (weapon)
Armour
 b - a +0 animal skin
 g - a +0 chain mail (worn)
Wands
 o - a wand of iceblast (4)
Scrolls
 c - a scroll of identify {unknown}
 d - a scroll of brand weapon {unknown}
 e - a scroll of enchant armour {unknown}
 i - a scroll of holy word {unknown}
 j - a scroll of vulnerability {unknown}
 p - a scroll of fog {unknown}
Potions
 f - a potion of curing {unknown}
 h - 2 potions of flight {unknown}
 k - a potion of degeneration {unknown}
 l - a potion of resistance {unknown}
 m - a potion of brilliance {unknown}
 n - a potion of heal wounds {unknown}
 q - a potion of invisibility {unknown}
 r - a potion of mutation {unknown}


   Skills:
 - Level 3.6 Fighting
 + Level 6.6 Axes
 - Level 2.4 Armour
 - Level 2.1 Dodging


You had 3 spell levels left.
You didn't know any spells.
Your spell library was empty.

Dungeon Overview and Level Annotations

Branches:
Dungeon (3/15)

Altars:
Beogh


Innate Abilities, Weirdness & Mutations

You have a pair of horns on your head.
You reflexively headbutt those who attack you in melee.


Message History

The orc hits you with a +0 club.
You closely miss the orc. You headbutt the orc.
You kill the orc!
Trog accepts your kill.
You hit the hobgoblin but do no damage. You headbutt the hobgoblin.
You kill the hobgoblin!
Trog accepts your kill.
You hear some strange, mumbled words.
You are confused.
The orc throws a boomerang of dispersal.
The boomerang of dispersal hits you.
You blink.
You are more confused.
You bump into the rock wall.
A magic dart appears from out of thin air!
The magic dart hits you.
The orc throws a boomerang of dispersal.
The boomerang of dispersal barely misses you.
You're too confused to move!
The orc priest mumbles some strange prayers to Beogh against you.
Beogh smites you!
The orc throws a boomerang of dispersal.
The boomerang of dispersal hits you but does no damage.
Okay, then.
A magic dart appears from out of thin air!
The magic dart hits you but does no damage.
The orc throws a boomerang of dispersal.
The boomerang of dispersal hits you but does no damage.
You're too confused to move!
The orc priest begins to cast a cantrip, but forgets the words!
Something hits you but does no damage. Something hits you but does no damage.
The orc throws a boomerang of dispersal.
The boomerang of dispersal barely misses you.
You feel less confused. Something hits you but does no damage.
The orc throws a boomerang of dispersal.
The boomerang of dispersal hits you but does no damage.
The orc priest mumbles some strange prayers to Beogh against you.
Beogh smites you!
You die...

...†...##..
...†.......
##.######.. .....# .
#.##.# .. #.##.###
.. ######
.......####.# #....#
.....#..<...# #....#
.....##....####.@..#
...................#
.....#.....####....#
................o..#
.....#.....####.o..#
...........######.o#
......#....##$o$##.#
...........#.8$8.#)#
......######_o$..'.#


You could see an orc priest and 2 orcs.

Vanquished Creatures
  4 adders
  A worm (D:2)
  2 dart slugs (D:1)
  5 orcs (D:3)
  3 ball pythons
  4 endoplasms (D:1)
  3 giant cockroaches (D:2)
  7 goblins
  4 hobgoblins
  4 quokkas
  7 bats
  6 frilled lizards
  5 kobolds
  4 rats
59 creatures vanquished.

Notes
Turn   | Place    | Note
-------+----------+-------------------------------------------
     0 | D:1      | Dauddaud the Minotaur Berserker began the quest for the
                  | Orb.
     0 | D:1      | Reached XP level 1. HP: 19/19 MP: 0/0
   204 | D:1      | Reached skill level 4 in Axes
   231 | D:1      | Reached XP level 2. HP: 21/26 MP: 1/1
   308 | D:1      | Found a faded altar of an unknown god.
   680 | D:1      | Reached skill level 5 in Axes
   977 | D:1      | Reached XP level 3. HP: 31/31 MP: 2/2
  1169 | D:2      | Reached ** piety under Trog
  1487 | D:2      | Reached skill level 6 in Axes
  1487 | D:2      | Reached XP level 4. HP: 33/39 MP: 3/3
  1872 | D:3      | Killed from afar by an orc priest

Illustrated notes

Levels and vault maps discovered:
D:1:      saegor_arrival_under_anarchy, layout_loops_corners,
          dreamdust_ecumenical_altar_angels_and_demons
D:2:      layout_rooms, nrook_campfire, minmay_misc_feat_encased
D:3:      layout_rooms, fedhas_altar_1, minmay_misc_feat_square,
          hangedman_abyss_or_decor_stabs, kennysheep_orc_chapel

Skill      XL: |  1  2  3 |
---------------+----------+-----
Axes           | 4 5 6 |  6.6
Fighting       | |  3.6
Armour         | |  2.4
Dodging        | |  2.1

Action                   |  1- 3 |  4- 6 || total
-------------------------+-------+-------++-------
Melee: Hand axe          |    83 |    41 ||   124
       Headbutt          |     7 |     6 ||    13
 Stab: Sleeping          |     1 |       ||     1
Armor: Animal skin       |     6 |       ||     6
       Chain mail        |    32 |    35 ||    67
Dodge: Dodged            |    48 |    13 ||    61

Table legend: (Time is in decaauts)
 A = Elapsed time spent in this place.
 B = Non-inter-level travel time spent in this place.
 C = Inter-level travel time spent in this place.
 D = Time resting spent in this place.
 E = Time spent auto-exploring this place.
 F = Levels seen in this place.
 G = Mean time per level.
                   A        B        C        D        E       F      G
               +--------+--------+--------+--------+--------+-----+--------+
         Total |   1875 |   1828 |     47 |      0 |   1485 |   3 |  625.0 |
       Dungeon |   1875 |   1828 |     47 |      0 |   1485 |   3 |  625.0 |
               +--------+--------+--------+--------+--------+-----+--------+

Top non-repeatable levels by time:
     D:1: 1135 daAuts
     D:2: 471 daAuts
     D:3: 268 daAuts
